 Dungeon Crawl Stone Soup version 0.24.0-125-gc4c63601f3 (webtiles) character file.

Game seed: 7969502719306002085, levelgen mode: deterministic

66 Descartes the Magician (level 3, -1/19 HPs)
             Began as a Deep Elf Air Elementalist on Mar 13, 2020.
             Slain by Terence
             ... wielding a +0 morningstar
              (5 damage)
             ... on level 2 of the Dungeon.
             The game lasted 00:05:39 (2128 turns).

Descartes the Magician (Deep Elf Air Elementalist)  Turns: 2128, Time: 00:05:39

Health: -1/19      AC:  2    Str:  5    XL:     3   Next: 96%
Magic:  5/10       EV: 13    Int: 20    God:
Gold:   110        SH:  0    Dex: 15    Spells: 8/9 levels left

rFire    . . .     SeeInvis .   s - +1 dagger (holy)
rCold    . . .     Gourm    .   (no shield)
rNeg     . . .     Faith    .   a - +0 robe
rPois    .         Spirit   .   (no helmet)
rElec    .         Reflect  .   (no cloak)
rCorr    .         Harm     .   (no gloves)
MR       .....                  (no boots)
Stlth    ++........             (no amulet)
HPRegen  0.06/turn              (no ring)
MPRegen  0.12/turn              (no ring)

@: no status effects
A: no striking features
a: no special abilities


You were on level 2 of the Dungeon.
You were hungry.

You visited 1 branch of the dungeon, and saw 2 of its levels.

You collected 110 gold pieces.

Inventory:

Hand Weapons
 e - a +0 club
 i - a +0 dagger
 s - a +1 dagger of holy wrath (weapon)
Missiles
 g - 61 stones (quivered)
 k - 2 javelins
 o - 8 arrows
 p - 20 sling bullets
Armour
 a - a +0 robe (worn)
Scrolls
 b - a scroll of amnesia {unknown}
 j - a scroll of noise {unknown}
 n - a scroll of immolation {unknown}
 r - 2 scrolls of remove curse {unknown}
Potions
 f - 2 potions of curing {unknown}
 h - a potion of brilliance {unknown}
 l - a potion of resistance {unknown}
 m - a potion of might {unknown}
 q - 2 potions of haste {unknown}
Comestibles
 c - 4 rations


   Skills:
 + Level 3.3 Dodging
 - Level 2.4 Stealth
 + Level 3.8 Spellcasting
 + Level 2.2 Conjurations
 + Level 3.5 Air Magic


You had 8 spell levels left.
You knew the following spells:

 Your Spells              Type           Power        Failure   Level  Hunger
a - Shock                 Conj/Air       ###.         4%          1    None

Your spell library contained the following spells:

 Spells                   Type           Power        Failure   Level  Hunger
 Swiftness                Chrm/Air       ##......     10%         2    ##.....
 Static Discharge         Conj/Air       ###.....     12%         3    ###....
 Airstrike                Air            ###.......   30%         4    ####...
 Lightning Bolt           Conj/Air       ###.......   73%         5    ######.


Dungeon Overview and Level Annotations

Branches:
Dungeon (2/15)

Altars:
Gozag
Trog

Annotations:
D:2 Sigmund, Terence


Message History

You hit Terence.
Terence is severely wounded.
You are feeling hungry.
You hit Terence but do no damage.
Terence is severely wounded.
Terence hits you with a +0 morningstar.
* * * LOW HITPOINT WARNING * * *
All of the chunks of flesh in your inventory have rotted away.
You hit Terence.
Terence is severely wounded.
Terence misses you.
Casting: Shock (safe; 4% risk of failure)
Confirm with . or Enter, or press ? or * to list all spells.
Aiming: Shock (safe; 4% risk of failure)
Press: ? - help, Shift-Dir - straight line, f/p - Terence
Aim: Terence, wielding a +0 morningstar and wearing a +0 chain mail (severely wounded)
The zap hits Terence but does no damage.
Terence is severely wounded.
Terence hits you with a +0 morningstar.
You die...

........+......
#............#####..
#............# #..
#............# #..
#............# #..
#............. #.#
#............# #.#..
#...@...... #.##. #@#
##.##. #.# #..... #.#
#..##. #.###########..##.
###'#............##.
#................##.
######...................
#....'........#######....
##.###........#..........


You could see Terence.

Vanquished Creatures
  A gnoll (D:1)
  2 adders (D:2)
  A dart slug (D:1)
  6 bats
  5 hobgoblins
  3 jackals (D:1)
  2 kobolds (D:1)
  A quokka (D:2)
  2 frilled lizards (D:2)
  8 goblins
  5 rats
36 creatures vanquished.

Notes
Turn   | Place    | Note
-------+----------+-------------------------------------------
     0 | D:1      | Descartes the Deep Elf Air Elementalist began the quest for
                  | the Orb.
     0 | D:1      | Reached XP level 1. HP: 10/10 MP: 6/6
    85 | D:1      | Reached XP level 2. HP: 8/15 MP: 2/8
   912 | D:1      | Reached XP level 3. HP: 19/19 MP: 7/10
  1350 | D:2      | Noticed Sigmund
  1833 | D:2      | Found an opulent altar of Gozag.
  2082 | D:2      | Found a bloodstained altar of Trog.
  2116 | D:2      | Noticed Terence
  2128 | D:2      | Slain by Terence

Levels and vault maps discovered:
D:1:      nicolae_arrival_memento_mori, layout_basic
D:2:      layout_basic, minitemple, overflow_temple_1_default,
          minmay_misc_feat_tiny, grunt_gozag_breadcrumbs, uniq_terence,
          uniq_sigmund, uniq_robin

Skill      XL: |  1  2  3 |
---------------+----------+-----
Dodging        | 3 |  3.3
Conjurations   | 2 |  2.2
Stealth        | |  2.4
Spellcasting   | |  3.8
Air Magic      | |  3.5

Action                   || total
-------------------------++-------
Melee: Unarmed           ||     1
       Club              ||     2
       Dagger            ||     6
 Cast: Shock             ||    85
  Eat: Chunk             ||     3
Armor: Robe              ||     3
Dodge: Dodged            ||    22
